 Dungeon Crawl Stone Soup version 0.28-a0-563-gf77a47075d (webtiles) character file.

Game seed: 10364975114017883145

51454 pokedragonboy the Severer (level 15, 0/124 HPs)
             Began as a Formicid Fighter on Sept 30, 2021.
             Was the Champion of Ru.
             Slain by a skeletal warrior (24 damage)
             ... on level 12 of the Dungeon.
             The game lasted 00:52:55 (25802 turns).

pokedragonboy the Severer (Formicid Fighter)       Turns: 25802, Time: 00:52:58

Health: 0/124      AC: 11    Str: 26    XL:     15   Next: 2%
Magic:  10/15      EV:  3    Int:  9    God:    Ru [******]
Gold:   1133       SH: 11    Dex: 16    Spells: 14/14 levels left

rFire   . . .      SeeInvis +   a - +2 battleaxe
rCold   . . .      Faith    .   h - +0 kite shield
rNeg    . . .      Spirit   .   U - +0 plate armour
rPois   .          Reflect  .   (helmet unavailable)
rElec   .          Harm     .   G - +0 cloak
rCorr   .          Rampage  .   K - +0 pair of gloves
Will    +....                   (no boots)
Stlth   ..........              (no amulet)
HPRegen 0.30/turn               g - +6 ring of dexterity
MPRegen 0.14/turn               T - +4 ring of slaying

@: lethally poisoned (0 -> -2), exhausted, corroded, unable to read
A: permanent stasis, dig shafts and tunnels, antennae 3, inability to read while
threatened, inability to use devices, inability to train dodging, reduced EV 1,
disrupted magic 1, four strong arms
a: Dig, Shaft Self, Renounce Religion, Draw Out Power, Power Leap, Apocalypse


You were on level 12 of the Dungeon.
You worshipped Ru.
Ru was exalted by your worship.
You visited 2 branches of the dungeon, and saw 18 of its levels.
You also visited: Sewer and Ossuary.

You collected 1266 gold pieces.
You spent 133 gold pieces at shops.

Inventory:

Hand Weapons
 a - a +2 battleaxe (weapon)
 b - a +1 flail of protection
 p - the +8 whip "Snakebite" {venom, curare, rPois}
   (You found it on level 6 of the Lair of Beasts)

   It poisons the flesh of those it strikes.
   It occasionally inflicts asphyxiating poison on those it strikes, dealing
   poison damage and causing slowness.
   rPois:     It protects you from poison.
 r - a +2 antimagic executioner's axe
Missiles
 B - 4 javelins (quivered)
 F - 113 poisoned darts
 O - 5 boomerangs of dispersal
Armour
 h - a +0 kite shield (worn)
 G - a +0 cloak (worn)
 K - a +0 pair of gloves (worn)
 U - a +0 plate armour (worn)
Jewellery
 f - a ring of resist corrosion
 g - a +6 ring of dexterity (left hand)
 C - a ring of magical power
 I - a ring of protection from cold
 M - a ring of protection from cold
 S - a ring of protection from cold
 T - a +4 ring of slaying (right hand)
Scrolls
 c - 4 scrolls of noise {unknown}
 d - a scroll of fog {unknown}
 e - 3 scrolls of torment {unknown}
 i - 3 scrolls of blinking {unknown}
 k - 4 scrolls of amnesia
 n - a scroll of vulnerability
 q - 9 scrolls of magic mapping
 s - 4 scrolls of identify
 w - 6 scrolls of enchant armour
 E - 3 scrolls of fear
 L - a scroll of immolation {unknown}
 N - 2 scrolls of silence
Potions
 j - 10 potions of curing
 l - 3 potions of flight
 m - 2 potions of might
 o - 2 potions of lignification {unknown}
 t - 3 potions of mutation
 u - 4 potions of heal wounds
 v - 3 potions of resistance
 x - 3 potions of brilliance
 z - 2 potions of magic
 A - 3 potions of cancellation
 J - 4 potions of attraction
 P - a potion of invisibility {unknown}


   Skills:
 + Level 13.5 Fighting
 * Level 16.8 Axes
 - Level 5.0 Throwing
 + Level 13.5 Armour
 - Level 9.0 Shields


You had 14 spell levels left.
You didn't know any spells.
Your spell library contained the following spells:

 Spells                   Type           Power      Damage    Failure   Level
 Animate Skeleton         Necr           0%         N/A       98%         1
 Apportation              Tloc           0%         N/A       98%         1
 Magic Dart               Conj           0%         1d3       98%         1
 Summon Small Mammal      Summ           0%         N/A       98%         1
 Ensorcelled Hibernation  Hex/Ice        0%         N/A       99%         2
 Scorch                   Fire           0%         2d5       99%         2
 Searing Ray              Conj           0%         2d4       99%         2
 Slow                     Hex            0%         N/A       99%         2
 Confusing Touch          Hex            0%         N/A       100%        3
 Ignite Poison            Fire/Tmut/Pois 0%         N/A       100%        3
 Mephitic Cloud           Conj/Pois/Air  0%         N/A       100%        3
 Ozocubu's Armour         Ice            0%         N/A       100%        3
 Portal Projectile        Hex/Tloc       0%         N/A       100%        3
 Tukima's Dance           Hex            0%         N/A       100%        3
 Flame Wave               Conj/Fire      0%         3d3       100%        4
 Fulminant Prism          Conj/Hex       0%         3d6       100%        4
 Blade Hands              Tmut           0%         N/A       100%        5
 Excruciating Wounds      Necr           0%         N/A       100%        5
 Freezing Cloud           Conj/Ice/Air   0%         6-21      100%        5
 Metabolic Englaciation   Hex/Ice        0%         N/A       100%        5
 Summon Forest            Summ/Tloc      0%         N/A       100%        5
 Summon Mana Viper        Hex/Summ       0%         N/A       100%        5
 Yara's Violent Unravell  Hex/Tmut       0%         3d3       100%        5
 Simulacrum               Ice/Necr       0%         N/A       100%        6
 Summon Cactus Giant      Summ           0%         N/A       100%        6
 Ozocubu's Refrigeration  Ice            0%         4d5       100%        7


Dungeon Overview and Level Annotations

Branches:
Dungeon (12/15)            Temple (0/1) D:6            Lair (6/6) D:10
 Shoals (0/4) Lair:4        Snake (0/4) Lair:3        Slime (0/5) Lair:6
    Orc (0/2) D:11          Sewer (visited)         Ossuary (visited)

Altars:
Ashenzari
Okawaru
Ru
Sif Muna
Vehumet
Yredelemnul
Beogh

Shops:
D:10 !((*:


Innate Abilities, Weirdness & Mutations

You cannot be hasted, slowed, berserked, paralysed or teleported.
You can dig through walls and to a lower floor.
You have a pair of large antennae on your head. (SInv)
You sometimes lose the ability to read scrolls when taking damage.
You cannot study or use magical devices.
You cannot train Dodging skill.
You have somewhat slow reflexes. (EV -5)
Your casting is slightly disrupted.
Your four strong arms can wield two-handed weapons with a shield.


Message History

The kobold demonologist hits you but does no damage.
The rust devil hits you! The rust devil corrodes you!
Unknown command.
You closely miss the kobold demonologist.
You hit the rust devil but do no damage.
You closely miss the skeletal warrior.
You feel sick.
The soul eater draws from the surrounding life force!
The skeletal warrior hits you with a +0 battleaxe.
You block the kobold demonologist's attack.
Unknown command.
You slice the kobold demonologist!!
The kobold demonologist is severely wounded.
You slice the rust devil!! You hit the skeletal warrior.
You feel sick. The rust devil hits you. The rust devil corrodes you!
You block the skeletal warrior's attack.
The kobold demonologist mumbles some strange words.
Unknown command.
You hit the kobold demonologist but do no damage.
The kobold demonologist is severely wounded.
You slash the skeletal warrior! You slash the orange demon!
Your plate armour prevents you from hitting the rust devil.
You feel sick. You block the rust devil's attack.
The skeletal warrior hits you from afar with a +0 glaive of protection!
* * * LOW HITPOINT WARNING * * *
The skeletal warrior is stunned by your conviction and fails to attack.
You redirect the kobold demonologist's attack!
The kobold demonologist hits you but does no damage.
You completely miss the kobold demonologist.
The kobold demonologist is severely wounded.
Your plate armour prevents you from hitting the soul eater.
You hit the skeletal warrior but do no damage.
You barely miss the orange demon.
You hit the rust devil but do no damage.
You feel sick.
The orange demon is stunned by your conviction and fails to attack.
You block the rust devil's attack.
You block the skeletal warrior's attack.
The soul eater hits you but does no damage.
The skeletal warrior hits you with a +0 battleaxe!!
You die...

..######.
#..#######. ..#
#.≈≈≈≈≈.#..#
..#
#.≈≈≈≈≈.#..#
..######
#.≈≈≈≈≈.#..#
........
#..≈≈≈..#..#
........
.##.....##).#
########
...(......))# #
......4.4)).# #
...z.zz@§...# #
......3K.......
..
......z..§.....
..
............###
............#
............#
............#
.(...........


You could see 4 skeletal warriors, a soul eater (summoned), an orange demon
(summoned), a rust devil (summoned) and a kobold demonologist.

Vanquished Creatures
  Harold (D:9)
  A boulder beetle (D:11)
  3 hydras
  A catoblepas (Lair:2)
  6 death yaks (Lair:6)
  2 two-headed ogres
  A tengu warrior (D:11)
  2 goliath frogs (Lair:6)
  Pikel (D:8)
  A manticore (Lair:4)
  6 elephants (Lair:4)
  9 black mambas
  Joseph (D:9)
  Maggie (D:8)
  21 cane toads
  2 gargoyles (D:11)
  An unseen horror (D:10)
  2 kobold demonologists (D:12)
  8 komodo dragons
  2 rime drakes (Lair:1)
  A tengu conjurer (D:12)
  3 trolls
  A hornet (Lair:3)
  3 polar bears
  2 tyrant leeches (Lair:6)
  Grinder (D:5)
  A wind drake (Lair:4)
  5 slime creatures
  10 dream sheep (Lair:6)
  21 blink frogs
  A shadow (D:10)
  2 wraiths
  6 wyverns
  A steam dragon (D:7)
  30 yaks
  8 vampire mosquitoes
  3 basilisks
  Edmund (D:6)
  An acid dragon (D:11)
  23 water moccasins
  An ice beast (D:7)
  4 orc warriors
  A sky beast (D:5)
  2 ogres (D:6)
  6 black bears
  A centaur (D:8)
  9 wolves
  5 kobold brigands
  2 gnoll sergeants
  A wyvern zombie (D:7)
  19 bullfrogs
  2 water moccasin skeletons
  12 killer bees (D:10)
  5 wights (D:8)
  An electric eel (Lair:6)
  4 centaur zombies
  4 jellies
  9 orc priests
  3 hounds
  A centaur skeleton (D:6)
  An iguana (D:6)
  8 orc wizards
  A hound zombie (D:5)
  2 hound skeletons
  4 mummies
  3 howler monkey zombies
  8 adders
  8 gnolls
  A shadow imp (D:5)
  A white imp (D:5)
  An ufetubus (D:6)
  3 adder zombies (Ossuary)
  4 worms
  4 dart slugs
  40 orcs
  8 bats
  6 endoplasms
  3 giant cockroaches (D:2)
  8 goblins
  A hobgoblin (D:1)
  51 kobolds
  6 quokkas
  12 ball pythons
  6 frilled lizards
  4 goblin zombies (Ossuary)
  7 kobold zombies
  An orc zombie (D:6)
  5 quokka zombies (Ossuary)
  4 rats
  2 rat zombies (Ossuary)
501 creatures vanquished.

Vanquished Creatures (others)
  3 hydras
  A black mamba (Lair:6)
  A cane toad (Lair:6)
  A komodo dragon (Lair:3)
  An orc (D:8)
  A bush (Lair:6)
  45 fungi
  151 plants
204 creatures vanquished.

Grand Total: 705 creatures vanquished

Notes
Turn   | Place    | Note
-------+----------+-------------------------------------------
     0 | D:1      | pokedragonboy the Formicid Fighter began the quest for the
                  | Orb.
     0 | D:1      | Reached XP level 1. HP: 18/18 MP: 1/1
   141 | D:1      | Reached XP level 2. HP: 18/24 MP: 2/2
   894 | D:1      | Reached XP level 3. HP: 29/29 MP: 3/3
  1239 | D:2      | Reached XP level 4. HP: 7/37 MP: 4/4
  1241 | D:2      | Reached skill level 3 in Axes
  2092 | D:2      | Reached XP level 5. HP: 42/42 MP: 5/5
  2481 | D:3      | Found a faded altar of an unknown god.
  3195 | D:3      | Found a shimmering blue altar of Sif Muna.
  3195 | D:3      | Found a basalt altar of Yredelemnul.
  3532 | D:4      | Found a glowing drain.
  3560 | Sewer    | Entered a sewer
  3856 | Sewer    | Noticed a kobold brigand
  3873 | Sewer    | Killed a kobold brigand
  3874 | Sewer    | Reached skill level 4 in Axes
  3874 | Sewer    | Reached XP level 6. HP: 40/49 MP: 6/6
  4174 | D:4      | Noticed a black bear
  4183 | D:4      | Killed a black bear
  4184 | D:4      | Reached skill level 5 in Shields
  4553 | D:5      | Entered Level 5 of the Dungeon
  4670 | D:5      | Reached XP level 7. HP: 15/55 MP: 7/7
  5076 | D:5      | Reached skill level 5 in Axes
  5241 | D:5      | Reached skill level 5 in Fighting
  5285 | D:5      | Reached skill level 5 in Armour
  5372 | D:5      | Noticed Grinder
  5392 | D:5      | Killed Grinder
  5393 | D:5      | Reached XP level 8. HP: 30/63 MP: 8/8
  5661 | D:6      | Reached skill level 6 in Axes
  6088 | D:6      | Found a sacrificial altar of Ru.
  6088 | D:6      | Found a radiant altar of Vehumet.
  6089 | D:6      | Found an iron altar of Okawaru.
  6126 | D:6      | Became a worshipper of Ru the Awakened
  6159 | D:6      | Reached XP level 9. HP: 57/69 MP: 9/9
  6334 | D:6      | Found a staircase to the Ecumenical Temple.
  6334 | D:6      | Noticed Edmund
  6354 | D:6      | Reached skill level 7 in Axes
  6362 | D:6      | Killed Edmund
  7176 | D:7      | Found a sand-covered staircase.
  7217 | Ossuary  | Entered an ossuary
  7524 | Ossuary  | Gained mutation: Your casting is slightly disrupted. [Ru
                  | sacrifice]
  7782 | D:7      | Reached skill level 8 in Axes
  7898 | D:7      | Noticed a two-headed ogre
  8127 | D:7      | Killed a two-headed ogre
  8128 | D:7      | Reached XP level 10. HP: 51/79 MP: 10/10
  8449 | D:8      | Found a broken altar of Ashenzari.
  8536 | D:8      | Noticed Pikel
  8561 | D:8      | Killed Pikel
  8562 | D:8      | Reached skill level 9 in Axes
  9001 | D:8      | Noticed a seven-headed hydra
  9001 | D:8      | Noticed Maggie
  9039 | D:8      | Killed Maggie
  9094 | D:8      | You fall into a shaft and drop 2 floors!
  9094 | D:10     | Entered Level 10 of the Dungeon
  9439 | D:10     | Found Ugagor's Antique Weapon Boutique.
  9508 | D:10     | Noticed an unseen horror
  9519 | D:10     | Killed an unseen horror
  9605 | D:10     | Reached skill level 10 in Axes
  9799 | D:10     | Found Niuroc's Distillery.
  9804 | D:10     | Bought a potion of might for 44 gold pieces
  9804 | D:10     | Bought a potion of curing for 33 gold pieces
 10039 | D:10     | Found Uteyname's Antique Weapon Boutique.
 10053 | D:10     | Found a staircase to the Lair.
 10082 | D:10     | Reached XP level 11. HP: 76/87 MP: 11/11
 10521 | D:9      | Gained mutation: You cannot study or use magical devices.
                  | [Ru sacrifice]
 10521 | D:9      | Reached * piety under Ru
 10521 | D:9      | Reached ** piety under Ru
 10521 | D:9      | Reached *** piety under Ru
 10792 | D:9      | Noticed Harold
 10810 | D:9      | Killed Harold
 11044 | D:9      | Noticed a two-headed ogre
 11067 | D:9      | Killed a two-headed ogre
 11068 | D:9      | Reached skill level 11 in Axes
 11292 | D:9      | Noticed Joseph
 11301 | D:9      | Killed Joseph
 12607 | D:10     | Found Geup's Book Boutique.
 12720 | D:10     | Found Tum Qor's Assorted Antiques.
 12723 | D:10     | Bought a scroll of identify for 56 gold pieces
 12731 | D:11     | Found a staircase to the Orcish Mines.
 13180 | D:11     | Reached skill level 12 in Axes
 13862 | D:11     | Noticed a boulder beetle
 13881 | D:11     | Killed a boulder beetle
 13882 | D:11     | Reached XP level 12. HP: 97/97 MP: 12/12
 13916 | D:11     | Reached skill level 10 in Fighting
 13916 | D:11     | Reached skill level 10 in Armour
 13925 | D:11     | Gained mutation: You cannot train Dodging skill. [Ru
                  | sacrifice]
 13925 | D:11     | Reached **** piety under Ru
 14137 | D:12     | Noticed a tengu warrior
 14201 | Lair:1   | Entered Level 1 of the Lair of Beasts
 14536 | Lair:1   | Noticed an eight-headed hydra
 14553 | Lair:1   | Killed an eight-headed hydra
 15713 | Lair:2   | Reached skill level 13 in Axes
 16290 | Lair:2   | Noticed a catoblepas
 16302 | Lair:2   | Killed a catoblepas
 16369 | Lair:2   | Noticed a five-headed hydra
 16394 | Lair:2   | Killed a five-headed hydra
 16595 | Lair:2   | Gained mutation: You sometimes lose the ability to read
                  | scrolls when taking damage. [Ru sacrifice]
 16595 | Lair:2   | Reached ***** piety under Ru
 17882 | Lair:3   | Reached XP level 13. HP: 95/106 MP: 13/13
 17899 | Lair:3   | Reached skill level 14 in Axes
 18057 | Lair:3   | Found a staircase to the Snake Pit.
 18485 | Lair:3   | Noticed an eight-headed hydra
 18494 | Lair:3   | Killed an eight-headed hydra
 19336 | Lair:4   | Reached skill level 15 in Axes
 19564 | Lair:4   | Gained mutation: You have somewhat slow reflexes. (EV -5)
                  | [Ru sacrifice]
 19564 | Lair:4   | Reached ****** piety under Ru
 19898 | Lair:4   | Found a staircase to the Shoals.
 20127 | Lair:4   | Identified a scroll of acquirement
 20127 | Lair:4   | Acquired a +2 antimagic executioner's axe
 20864 | Lair:5   | Noticed a six-headed hydra
 20872 | Lair:5   | Killed a six-headed hydra
 21801 | Lair:6   | Entered Level 6 of the Lair of Beasts
 21806 | Lair:6   | Reached skill level 1 in Throwing
 21806 | Lair:6   | Reached XP level 14. HP: 100/113 MP: 5/14
 22596 | Lair:6   | Reached skill level 16 in Axes
 23357 | Lair:6   | Found the +8 whip "Snakebite" {venom, curare, rPois}
 24983 | Lair:6   | Found a staircase to the Slime Pits.
 25791 | D:12     | Reached skill level 5 in Throwing
 25796 | D:12     | Reached XP level 15. HP: 63/124 MP: 15/15
 25802 | D:12     | Slain by a skeletal warrior

Illustrated notes

Levels and vault maps discovered:
D:1:      wheals_arrival_shading, layout_basic, minmay_pentomino_w2
D:2:      minmay_diamond_boxcup, layout_loops_ring
D:3:      layout_loops_cross, gammafunk_temple_overflow_elements,
          dreamdust_ecumenical_altar_hidden_monk_grotto, minmay_door_square
D:4:      black_bear_nest_1, layout_cave_pods, cheibrodos_sewer_entry_bend
D:5:      layout_basic, hangedman_abyss_or_decor_stabs, uniq_grinder
D:6:      layout_rooms, chequers_temple_overflow_statue_of_worship,
          temple_fountains, serial_co_window_serial, co_window_paths_b,
          co_window_of_opportunity_a, co_window_corner_a, co_window_corner_a,
          co_window_of_opportunity_a, co_window_of_opportunity_a,
          co_window_corner_a, co_window_corner_a, co_window_corner_a,
          co_window_paths_c, co_window_of_opportunity_b, co_window_broadway_c,
          co_window_unsneaky_path_c, glass_columns_b, glass_columns_c,
          glass_columns_a, glass_columns_a, minmay_mini_ossuary, uniq_edmund
D:7:      layout_basic, nicolae_ossuary_entry_false_entrances
D:8:      layout_basic, ashenzari_altar_1, uniq_pikel, uniq_maggie
D:9:      layout_loops_ring, uniq_harold, uniq_joseph
D:10:     layout_grid_maze, lair_entry_dummy, serial_shops,
          kennysheep_mini_moat, shop, nicolae_shop_overgrown_old_shop, shop,
          nicolae_shop_waterfront
D:11:     layout_long_grid, minmay_orc_entry_temple_small
D:12:     layout_small_grid, serial_shops, nicolae_lakefront_shop, minivault_8
Lair:1:   layout_hall_layers, lemuel_fruit_tree
Lair:2:   layout_cellular_growth, serial_forest, infiniplex_forest_end_2,
          infiniplex_forest_clump_curved, infiniplex_forest_lined_1,
          infiniplex_forest_fountain, infiniplex_forest_straight_4,
          infiniplex_forest_clump_long, beast_lair_carwin_11, grunt_megastairs_2
Lair:3:   layout_layer_cave, minmay_snake_entry_six_corridors,
          beast_lair_carwin_10
Lair:4:   layout_layer_cave, minmay_shoals_entry_beasts, serial_bayou_shore_a,
          lemuel_fruit_fields, lemuel_fruit_fields
Lair:5:   layout_regular_city
Lair:6:   minmay_lair_end_frog_pond, layout_loops_ring,
          minmay_slime_entry_pillars

Skill      XL: |  1  2  3  4  5  6  7  8  9 10 11 12 13 14 |
---------------+-------------------------------------------+-----
Shields        | 4 5 6 8 9 |  9.0
Axes           | 3 4 5 6 8 10 12 13 15 16 | 16.8
Fighting       | 4 5 6 7 8 9 11 12 13 | 13.5
Armour         | 4 5 6 7 8 9 11 12 13 | 13.5
Throwing       | 1 5 |  5.0

Action                   |  1- 3 |  4- 6 |  7- 9 | 10-12 | 13-15 || total
-------------------------+-------+-------+-------+-------+-------++-------
Melee: War axe           |   110 |   186 |    58 |   121 |       ||   475
       Hand axe          |       |       |   240 |   311 |       ||   551
       Flail             |       |       |       |    92 |    30 ||   122
       Battleaxe         |       |       |       |    99 |   368 ||   467
Throw: Dart              |       |     2 |     4 |     1 |    10 ||    17
Invok: Sacrifice Essence |       |       |     1 |       |       ||     1
       Draw Out Power    |       |       |       |     5 |     2 ||     7
       Sacrifice Artific |       |       |       |     1 |       ||     1
       Power Leap        |       |       |       |     3 |     5 ||     8
       Apocalypse        |       |       |       |     1 |     6 ||     7
       Sacrifice Words   |       |       |       |     1 |       ||     1
       Sacrifice Nimblen |       |       |       |     1 |       ||     1
       Sacrifice Health  |       |       |       |       |     1 ||     1
 Abil: Dig               |     1 |     1 |     5 |    16 |       ||    23
       Shaft Self        |       |       |       |     1 |       ||     1
  Use: Potion            |     1 |       |       |    10 |     1 ||    12
       Scroll            |       |     4 |     8 |    11 |     1 ||    24
 Stab: Invisible         |       |       |       |     8 |     7 ||    15
       Distracted        |       |       |       |     1 |     7 ||     8
       Paralysed         |       |       |       |       |    23 ||    23
Armor: Scale mail        |    59 |    83 |     6 |       |       ||   148
       Chain mail        |       |       |    94 |    70 |       ||   164
       Plate armour      |       |       |       |   199 |   235 ||   434
Dodge: Dodged            |    55 |    75 |    73 |   145 |    51 ||   399
Block: Buckler           |    23 |    59 |     9 |       |       ||    91
       Kite shield       |       |       |   110 |   364 |   183 ||   657

Table legend: (Time is in decaauts)
 A = Elapsed time spent in this place.
 B = Non-inter-level travel time spent in this place.
 C = Inter-level travel time spent in this place.
 D = Time resting spent in this place.
 E = Time spent auto-exploring this place.
 F = Levels seen in this place.
 G = Mean time per level.
                   A        B        C        D        E       F      G
               +--------+--------+--------+--------+--------+-----+--------+
         Total |  25900 |  25086 |    814 |   7794 |  13305 |  20 | 1295.0 |
       Dungeon |  13790 |  13284 |    506 |   3492 |   7345 |  12 | 1149.2 |
          Lair |  11288 |  10981 |    307 |   4047 |   5668 |   6 | 1881.3 |
         Sewer |    457 |    457 |      0 |     55 |    218 |   1 |  457.0 |
       Ossuary |    364 |    364 |      0 |    200 |     73 |   1 |  364.0 |
               +--------+--------+--------+--------+--------+-----+--------+

Top non-repeatable levels by time:
  Lair:5: 2526 daAuts
  Lair:6: 2024 daAuts
  Lair:1: 2023 daAuts
  Lair:4: 1885 daAuts
    D:10: 1839 daAuts
  Lair:3: 1718 daAuts
    D:11: 1552 daAuts
     D:6: 1412 daAuts
     D:7: 1315 daAuts
     D:2: 1250 daAuts
     D:1: 1213 daAuts
     D:9: 1197 daAuts
  Lair:2: 1109 daAuts
     D:5: 1108 daAuts
     D:3: 1033 daAuts
